bob, chaotic male elven Wizard -------- ------ |<|>...---....| |^|-......``..| |^||.```|.`.`.| |^||....|.....| |^|------.----| |^| |......| |^------```...| |..^^...@'....| |..-----......| ---- -------- bob the Conjurer Experience level: 5 Strength: 9 Dexterity: 12 Constitution: 16 Intelligence: 20 Wisdom: 10 Charisma: 11 Health: 0(35) Energy: 35(54) Def: 1 Gold: 405 Moves: 1534 Dungeon seed: UewTyanxH14AEcVP Game ID: bob_1529593352 Your Inventory: Coins $ - 405 gold pieces Weapons a - a blessed +1 quarterstaff Armor e - an uncursed +0 cloak of magic resistance (being worn) Comestibles z - 2 uncursed food rations A - 2 uncursed candy bars S - 2 uncursed carrots U - an uncursed cream pie Scrolls j - an uncursed scroll of enchant weapon k - an uncursed scroll of scare monster M - an uncursed scroll of confuse monster N - an uncursed scroll of enchant armor O - an uncursed scroll of light P - a cursed scroll of teleportation Q - a cursed scroll of enchant weapon Potions f - an uncursed potion of gain level g - an uncursed potion of monster detection h - an uncursed potion of restore ability p - a potion of unholy water B - a cursed potion of hallucination Rings c - an uncursed +1 ring of gain strength d - an uncursed ring of searching (on left hand) R - a cursed -1 ring of gain strength Wands b - a wand of locking (0:6) q - a wand of striking (0:7) s - a wand of lightning (0:5) T - a wand of striking (0:4) Tools l - an uncursed skeleton key n - an uncursed towel o - an uncursed wooden flute y - an uncursed tin whistle C - a +0 pick-axe (weapon in hand) F - an uncursed bag of holding K - a blessed partly used wax candle (0:362) L - an uncursed tallow candle (0:200) Spells and supernatural/magical abilities: Name Level Category Fail Memory a - force bolt 1 attack 0% 93% w - wizard lock 2 matter 39% 93% P - polymorph 6 matter 100% 95% W - pray for help -- divine ? -- Your skills at the end: Fighting Skills Weapon Skills quarterstaff [Basic] Spellcasting Skills attack spells [Basic] enchantment spells [Basic] Final Attributes: You were piously aligned. You were sleep resistant. You were magic-protected. You had automatic searching. You had infravision. You are dead. Vanquished creatures: 4 gnome lords 2 gnomish wizards a kitten 5 dwarves 11 gnomes 2 kobolds 3 goblins a sewer rat a lichen a newt 31 creatures vanquished. Voluntary challenges: You followed a strict vegan diet. You used a wielded weapon 14 times, starting on turn 48. You read items or engraved 116 times, starting on turn 397. You never genocided any monsters. You never polymorphed an object. You never changed form. You used no wishes. You never split a pudding. You wrote Elbereth's name 60 times, starting on turn 621. You never violated your personal moral code. Dungeon overview: The Dungeons of Doom: levels 1 to 9 Level 1 some fountains, a sink a long staircase Level 2 a general store stairs to The Gnomish Mines Level 3 Level 4 Level 5 Level 6 Level 7 Level 8 Level 9 stairs to Sokoban The Gnomish Mines: levels 3 to 6 Level 3 stairs to The Dungeons of Doom Level 4 Level 5 Level 6 many shops, a temple to Anhur, some fountains, some trees Sokoban: Level 8 <- You were here stairs to The Dungeons of Doom History has recorded: On T:1 you entered the Dungeons of Doom to retrieve the Amulet of Yendor! On T:325 you reached level 2 of The Dungeons of Doom. On T:528 you advanced to experience level 2. On T:591 you reached level 1 of The Gnomish Mines. On T:647 you reached level 2 of The Gnomish Mines. On T:679 you reached level 3 of The Gnomish Mines. On T:691 you advanced to experience level 3. On T:725 you advanced to experience level 4. On T:755 you reached level 4 of The Gnomish Mines. On T:943 you advanced to experience level 5. On T:1352 you reached level 3 of The Dungeons of Doom. On T:1356 you reached level 4 of The Dungeons of Doom. On T:1418 you reached level 6 of The Dungeons of Doom. On T:1431 you reached level 7 of The Dungeons of Doom. On T:1464 you reached level 8 of The Dungeons of Doom. On T:1486 you reached level 9 of The Dungeons of Doom. On T:1489 you reached level 4 of Sokoban. Score breakdown: Gold: 405 ( 8873 points) Experience: 5 levels (11141 points) Exploration: 9 levels ( 18.37%) (12247 points) Discoveries: 11 items ( 3.99%) ( 5989 points) Valuables value: (no points given unless you survive) Artifact value: 0 ( 0 points) Variety of kills: 10 monsters ( 2.62%) ( 4860 points) Turncount: 1534 turns ( 0 points) Survival: died (score multiplied by 80%) Total score: 34488 Latest messages: With great effort you move the boulder. T - a wand of striking. With great effort you move the boulder. The boulder fills a pit. With great effort you move the boulder. U - a cream pie. With great effort you move the boulder. The boulder fills a pit. The gold golem hits! (2x) You miss the gold golem. The gold golem hits! (2x) The spell misses the gold golem. The gold golem hits! (2x) You write in the dust with your fingers. The gold golem hits! (2x) You die... The bag of holding is empty. The bag of holding is empty. Final status: Goodbye bob the Wizard, killed by a gold golem... You died in Sokoban on dungeon level 8 with 34488 points, and 405 pieces of gold, after 1534 moves. You were level 5 with a maximum of 35 hit points when you died.